 Dungeon Crawl Stone Soup version 0.22-a0-231-g1b571ea (webtiles) character file.

22 wolfsongas the Chiller (level 2, -3/23 HPs)
             Began as a Gnoll Wanderer on Feb 21, 2018.
             Slain by a hobgoblin (4 damage)
             ... led by Robin
             ... on level 2 of the Dungeon.
             The game lasted 00:01:40 (1042 turns).

wolfsongas the Chiller (Gnoll Wanderer)             Turns: 1042, Time: 00:01:41

Health: -3/23      AC:  2    Str: 16    XL:     2   Next: 91%
Magic:  5/5        EV: 11    Int: 14    God:
Gold:   37         SH:  0    Dex: 12    Spells: 6/6 levels left

rFire    . . .     SeeInvis .   b - +0 dagger (venom)
rCold    . . .     Gourm    .   (no shield)
rNeg     . . .     Faith    .   f - +0 robe
rPois    .         Spirit   .   (no helmet)
rElec    .         Reflect  .   (no cloak)
rCorr    .         Harm     .   (no gloves)
MR       .....                  (no boots)
Stlth    +.........             (no amulet)
HPRegen  0.07/turn              h - +3 ring of slaying
MPRegen  0.09/turn              (no ring)

@: no status effects
A: distributed training, fangs 1, strong nose
a: no special abilities


You were on level 2 of the Dungeon.
You were not hungry.

You visited 1 branch of the dungeon, and saw 2 of its levels.

You collected 37 gold pieces.

Inventory:

Hand Weapons
 a - a +0 shortbow
 b - a +0 dagger of venom (weapon)
Missiles
 c - 32 arrows
 d - 18 poisoned needles
Armour
 f - a +0 robe (worn)
Jewellery
 h - a +3 ring of slaying (left hand)
Scrolls
 i - 2 scrolls of identify
Potions
 j - a potion of heal wounds
 k - a potion of ambrosia
Comestibles
 g - a chunk of flesh
 l - 2 rations


   Skills:
 + Level 2.5 Fighting
 + Level 0.5 Short Blades
 + Level 0.5 Long Blades
 + Level 0.5 Axes
 + Level 0.5 Maces & Flails
 + Level 0.5 Polearms
 + Level 0.5 Staves
 + Level 0.5 Slings
 + Level 0.5 Bows
 + Level 2.5 Crossbows
 + Level 2.5 Throwing
 + Level 2.5 Armour
 + Level 0.5 Dodging
 + Level 0.5 Stealth
 + Level 0.5 Shields
 + Level 0.5 Unarmed Combat
 + Level 2.7 Spellcasting
 + Level 0.4 Conjurations
 + Level 0.4 Hexes
 + Level 0.4 Charms
 + Level 0.4 Summonings
 + Level 0.4 Necromancy
 + Level 0.4 Translocations
 + Level 0.4 Transmutations
 + Level 0.4 Fire Magic
 + Level 5.4 Ice Magic
 + Level 2.0 Air Magic
 + Level 0.4 Earth Magic
 + Level 0.4 Poison Magic
 + Level 0.7 Invocations
 + Level 2.5 Evocations


You had 6 spell levels left.
You didn't know any spells.

Dungeon Overview and Level Annotations

Branches:
Dungeon (2/15)

Altars:

Annotations:
D:2 Robin, Sigmund


Innate Abilities, Weirdness & Mutations

Your experience applies equally to all skills.
You have very sharp teeth.
Your uncanny sense of smell can sniff out nearby items.


Message History

You are too injured to fight recklessly!
You are too injured to fight recklessly!
You are too injured to fight recklessly!
You are too injured to fight recklessly!
You are too injured to fight recklessly!
You are too injured to fight recklessly!
You are too injured to fight recklessly!
You are too injured to fight recklessly!
You are too injured to fight recklessly!
You are too injured to fight recklessly!
You are too injured to fight recklessly!
You are too injured to fight recklessly!
You barely miss the hobgoblin. Your bite misses the hobgoblin.
The goblin hits you with a dagger.
* * * LOW HITPOINT WARNING * * *
The goblin completely misses you. The goblin closely misses you.
The goblin hits you.
* * * LOW HITPOINT WARNING * * *
Sigmund misses you. The hobgoblin hits you.
You die...

.... ..<.
∆ ...# ∆
#..# #>.#
#..# #gg#
#@g#
#..).gggg#
#.####g@g#
#gg.#
#.h.#
.....
##..# ...#


You could see Sigmund, Robin, a jackal, 2 hobgoblins and 8 goblins.

Vanquished Creatures
  A leopard gecko (D:1)
  3 bats (D:1)
  A giant cockroach (D:1)
  4 goblins (D:1)
  A hobgoblin (D:1)
  6 kobolds (D:1)
  2 frilled lizards (D:1)
  3 rats (D:1)
21 creatures vanquished.

Notes
Turn   | Place    | Note
-------+----------+-------------------------------------------
     0 | D:1      | wolfsongas the Gnoll Wanderer began the quest for the Orb.
     0 | D:1      | wolfsongas set off with: a ration, a +0 shortbow, 20 arrows, 8 poisoned needles, a +0 blowgun, a +0 robe
     0 | D:1      | Reached XP level 1. HP: 17/17 MP: 4/4
   147 | D:1      | Reached XP level 2. HP: 23/23 MP: 5/5
  1037 | D:2      | Noticed Sigmund
  1037 | D:2      | Noticed Robin
  1042 | D:2      | HP: 1/23 [goblin[Robin] (2)]
  1042 | D:2      | Slain by a hobgoblin

Vault maps used:
D:1:      minmay_arrival_five_plusses
D:2:      first_ration, minmay_pentomino_z4, uniq_sigmund, uniq_robin,
          uniq_terence, uniq_natasha

Skill      XL: |  1 |
---------------+----+-----
Air Magic      | 2 |  2.0
Fighting       | |  2.5
Short Blades   | |  0.5
Long Blades    | |  0.5
Axes           | |  0.5
Maces & Flails | |  0.5
Polearms       | |  0.5
Staves         | |  0.5
Slings         | |  0.5
Bows           | |  0.5
Crossbows      | |  2.5
Throwing       | |  2.5
Armour         | |  2.5
Dodging        | |  0.5
Stealth        | |  0.5
Shields        | |  0.5
Unarmed Combat | |  0.5
Spellcasting   | |  2.7
Conjurations   | |  0.4
Hexes          | |  0.4
Charms         | |  0.4
Summonings     | |  0.4
Necromancy     | |  0.4
Translocations | |  0.4
Transmutations | |  0.4
Fire Magic     | |  0.4
Ice Magic      | |  5.4
Earth Magic    | |  0.4
Poison Magic   | |  0.4
Invocations    | |  0.7
Evocations     | |  2.5

Action                   || total
-------------------------++-------
Melee: Dagger            ||     5
       Bite              ||     1
 Fire: Shortbow          ||    40
  Use: Potion            ||     1
       Scroll            ||     1
Armor: Robe              ||     3
Dodge: Dodged            ||    17

Table legend:
 A = Spawn XP
 B = Non-spawn XP
 C = Spawn XP percentage of total XP
 D = Spawn monster count
 E = Non-spawn monster count
 F = Spawn count percentage of total count
 G = Total turns spent on level
                    A         B        C        D         E        F      G
               +---------+---------+-------+---------+---------+-------+---------
         Total |       0 |      32 |   0.0 |       0 |      21 |   0.0 |  1042
               +---------+---------+-------+---------+---------+-------+---------
           D:1 |       0 |      32 |   0.0 |       0 |      21 |   0.0 |  1037
               +---------+---------+-------+---------+---------+-------+---------
